 Dungeon Crawl Stone Soup version 0.31-a0-222-gefeffbb62a (webtiles) character file.

Game seed: 6449646149375481462

1283 ragingrage the Skirmisher (level 8, -3/56 HPs)
             Began as a Formicid Hunter on July 5, 2023.
             Was an Initiate of Hepliaklqana.
             Slain by an iguana (10 damage)
             ... on level 5 of the Dungeon.
             The game lasted 00:05:12 (4564 turns).

ragingrage the Skirmisher (Formicid Hunter)         Turns: 4564, Time: 00:05:13

Health: -3/56      AC:  4    Str: 16    XL:     8   Next: 85%
Magic:  8/8        EV: 17    Int:  9    God:    Hepliaklqana [......]
Gold:   196        SH:  0    Dex: 19    Spells: 2/7 levels left

rFire   . . .        b - +2 hand axe (venom)
rCold   . . .        (no shield)
rNeg    + . .        c - +0 leather armour
rPois   .            (helmet unavailable)
rElec   .            D - +0 cloak
rCorr   .            (no gloves)
SInv    +            (no boots)
Will    .....        (no amulet)
Stlth   ++           d - +5 ring of evasion
HPRegen 0.29/turn    z - ring of positive energy
MPRegen 0.11/turn

%: no passive effects
@: no status effects
A: permanent stasis, dig shafts and tunnels, antennae 3, four strong arms
a: Dig, Shaft Self, Renounce Religion


You were on level 5 of the Dungeon.
You worshipped Hepliaklqana.
Hepliaklqana was noncommittal.
You visited 2 branches of the dungeon, and saw 6 of its levels.
You also visited: Sewer.

You collected 196 gold pieces.

Inventory:

Hand Weapons
 a - a +0 shortbow
 b - a +2 hand axe of venom (weapon)
Missiles
 v - 2 poisoned darts
Armour
 c - a +0 leather armour (worn)
 p - the +0 robe of the Pits of Slime {-Cast *Corrode rF+++ Will+++}
   (You found it on level 3 of the Dungeon)

   rF:        It renders you almost immune to fire.
   -Cast:     It prevents spellcasting.
   *Corrode:  It may corrode you when you take damage.
   Will:      It greatly increases your willpower.
 D - a +0 cloak (worn)
Jewellery
 d - a +5 ring of evasion (left hand)
 w - a ring of flight
 z - a ring of positive energy (right hand)
Wands
 y - a wand of polymorph (9)
 C - a wand of iceblast (8)
 E - a wand of flame (20)
Scrolls
 g - a scroll of amnesia {unknown}
 j - a scroll of butterflies
 k - 2 scrolls of teleportation {unknown}
 m - 4 scrolls of identify {unknown}
 n - a scroll of enchant armour {unknown}
 o - a scroll of torment {unknown}
 u - a scroll of fog {unknown}
 x - a scroll of fear {unknown}
 F - a scroll of enchant weapon {unknown}
Potions
 e - 4 potions of enlightenment {unknown}
 f - 2 potions of might
 h - 2 potions of degeneration {unknown}
 i - 3 potions of curing
 l - 3 potions of attraction {unknown}
 q - 3 potions of brilliance {unknown}
 r - a potion of heal wounds {unknown}
 s - 3 potions of cancellation {unknown}
 t - a potion of magic {unknown}
 A - a potion of berserk rage {unknown}
 B - 2 potions of haste {unknown}


   Skills:
 - Level 2.1 Fighting
 + Level 8.5 Ranged Weapons
 - Level 1.7 Dodging
 - Level 1.2 Stealth
 - Level 2.0 Air Magic
 - Level 8.0 Poison Magic


You had 2 spell levels left.
You knew the following spells:

 Your Spells              Type           Power      Damage    Failure   Level
a - Poisonous Vapours     Pois/Air       18%        N/A       10%         2
b - Mephitic Cloud        Conj/Pois/Air  5%         N/A       36%         3

Your spell library contained the following spells:

 Spells                   Type           Power      Damage    Failure   Level
 Shock                    Conj/Air       4%         1d3       32%         1
 Summon Small Mammal      Summ           0%         N/A       45%         1
 Olgreb's Toxic Radiance  Pois           14%        N/A       19%         4
 Call Canine Familiar     Summ           0%         N/A       83%         3
 Summon Guardian Golem    Hex/Summ       0%         N/A       83%         3
 Volatile Blastmotes      Fire/Tloc      0%         2d10      83%         3
 Airstrike                Air            1%         2d(1-17)  91%         4
 Fulminant Prism          Conj/Hex       0%         3d5       99%         4
 Iskenderun's Mystic Bla  Conj/Tloc      0%         2d3       99%         4
 Freezing Cloud           Conj/Ice/Air   0%         6-21      100%        5
 Lee's Rapid Deconstruct  Erth           0%         3d4*      100%        5
 Conjure Ball Lightning   Conj/Air       0%         3x3d6     100%        6
 Discord                  Hex            0%         N/A       100%        8
 Disjunction              Tloc           0%         N/A       100%        8
 Ignition                 Fire           0%         3d3       100%        8
 Swiftness                Air            Unusable   N/A       N/A         3

Dungeon Overview and Level Annotations

Branches:
Dungeon (5/15)             Temple (1/1) D:5           Sewer (visited)

Altars:
Cheibriados
Dithmenos
Elyvilon
Fedhas
Gozag
Hepliaklqana
Makhleb
Okawaru
Ru
Sif Muna
Trog
Uskayaw
Vehumet
Wu Jian
Xom
Yredelemnul
Zin

Shops:
D:3 :


Innate Abilities, Weirdness & Mutations

You cannot be hasted, slowed, berserked, paralysed or teleported.
You can dig through walls and to a lower floor.
You have a pair of large antennae on your head. (SInv)
Your four strong arms can wield two-handed weapons with a shield.


Message History

Your +2 hand axe of venom begins to drip with poison!
b - a +2 hand axe of venom (weapon)
The wyvern misses you. Edmund hits you with a +2 heavy flail.
You barely miss the wyvern. You hit Edmund.
Edmund is poisoned.
The wyvern closely misses you. The wyvern completely misses you.
You completely miss the wyvern. You hit Edmund.
Edmund looks as sick as possible!
Edmund hits you with a +2 heavy flail! The wyvern misses you.
The wyvern bites you!
You hit the wyvern but do no damage.
The wyvern is poisoned.
You hit Edmund but do no damage.
Edmund looks as sick as possible!
The wyvern bites you! Edmund hits you with a +2 heavy flail.
The wyvern bites you!
* * * LOW HITPOINT WARNING * * *
It was a potion of curing.
You feel better. The wyvern bites you.
* * * LOW HITPOINT WARNING * * *
Edmund barely misses you. The wyvern bites you.
* * * LOW HITPOINT WARNING * * *
Unknown command.
You feel better. The wyvern barely misses you.
The wyvern attacks as you move away! The wyvern bites you.
* * * LOW HITPOINT WARNING * * *
The wyvern bites you!
* * * LOW HITPOINT WARNING * * *
You hit the wyvern.
The wyvern looks as sick as possible!
You hit Edmund.
Edmund looks as sick as possible!
You kill Edmund!
The wyvern completely misses you. The iguana closely misses you.
The wyvern misses you.
Unknown command.
You feel better.
You kill the wyvern!
The iguana misses you.
Training target 8.0 for Poison Magic reached!
Your Poison Magic skill increases to level 8!
The iguana attacks as you move away! The iguana barely misses you.
The iguana attacks as you move away! The iguana completely misses you.
You slash the iguana!
The iguana is poisoned.
The iguana bites you.
* * * LOW HITPOINT WARNING * * *
You barely miss the iguana. The iguana bites you!
You die...

... #.# # .##.. #.#
.#.# ..#..######.##.#.
.........[ ......
.......#.###.# .#
.............##.#####
.....................
...........†.l.###
......##.##).#@#
..........#..#.#
.$........#..#.#
......##..#..#.#######
........(............#
.####.##..#..#.###.###
.....#..#.....#
..........#####
...........#


You could see an iguana (very poisoned).

Vanquished Creatures
  Sigmund (D:2)
  A wyvern (D:5)
  Edmund (D:5)
  3 scorpions
  A gnoll sergeant (D:3)
  2 hounds
  A jelly (D:5)
  2 iguanas (D:5)
  2 orc wizards (D:5)
  Robin (D:2)
  7 gnolls (D:3)
  19 adders
  3 river rats (Sewer)
  A white imp (D:5)
  A worm (D:2)
  3 dart slugs
  6 orcs
  6 ball pythons
  6 bats
  4 endoplasms
  4 giant cockroaches
  19 hobgoblins
  6 jackals
  10 quokkas
  4 frilled lizards (Sewer)
  13 goblins
  7 kobolds
  12 rats
146 creatures vanquished.

Vanquished Creatures (others)
  An endoplasm (D:3)
1 creature vanquished.

Grand Total: 147 creatures vanquished

Notes
Turn   | Place    | Note
-------+----------+-------------------------------------------
     0 | D:1      | ragingrage the Formicid Hunter began the quest for the Orb.
     0 | D:1      | Reached XP level 1. HP: 16/16 MP: 1/1
   109 | D:1      | Reached XP level 2. HP: 22/22 MP: 2/2
   317 | D:1      | Reached XP level 3. HP: 27/27 MP: 3/3
   403 | D:1      | Reached skill level 5 in Ranged Weapons
   596 | D:1      | Learned a level 2 spell: Poisonous Vapours
   787 | D:2      | Reached skill level 1 in Poison Magic
   787 | D:2      | Reached XP level 4. HP: 33/33 MP: 4/4
   865 | D:2      | Noticed Robin
   902 | D:2      | Killed Robin
   982 | D:2      | Reached skill level 1 in Air Magic
  1036 | D:2      | Noticed Sigmund
  1052 | D:2      | Reached XP level 5. HP: 38/38 MP: 5/5
  1072 | D:2      | Killed Sigmund
  1073 | D:2      | Reached XP level 6. HP: 36/44 MP: 6/6
  1384 | D:3      | Identified the +0 robe of the Pits of Slime {-Cast *Corrode
                  | rF+++ Will+++}
  1389 | D:3      | Found a glowing drain.
  1419 | Sewer    | Entered a sewer
  1728 | Sewer    | Reached XP level 7. HP: 29/50 MP: 7/7
  2454 | D:3      | Reached skill level 5 in Poison Magic
  2827 | D:3      | Found Nyforch's Book Boutique.
  2964 | D:3      | Learned a level 3 spell: Mephitic Cloud
  3336 | D:4      | Found a bloodstained altar of Trog.
  3814 | D:4      | Reached XP level 8. HP: 35/56 MP: 8/8
  3942 | D:5      | Entered Level 5 of the Dungeon
  3969 | D:5      | Found a radiant altar of Vehumet.
  4051 | D:5      | Found a staircase to the Ecumenical Temple.
  4059 | Temple   | Entered the Ecumenical Temple
  4059 | Temple   | Found a transporter.
  4059 | Temple   | Found a transporter.
  4061 | Temple   | Found a transporter.
  4061 | Temple   | Found a transporter.
  4094 | Temple   | Became a worshipper of Hepliaklqana the Forgotten
  4541 | D:5      | Noticed Edmund
  4544 | D:5      | Noticed a wyvern
  4559 | D:5      | Killed Edmund
  4560 | D:5      | Killed a wyvern
  4564 | D:5      | Slain by an iguana

Illustrated notes

Levels and vault maps discovered:
D:1:      dpeg_arrival_refuge, layout_basic, minmay_pentomino_w4
D:2:      layout_basic, serial_bayou_pond_d, uniq_robin, uniq_sigmund
D:3:      layout_loops_ring, portal_sewer_entry_f, serial_shops, shop,
          lemuel_flame_loot_1
D:4:      layout_basic, mainiacjoe_overflow_surrounded_room,
          guppyfry_early_lair_pool
D:5:      layout_basic, vehumet_altar_wand_db, minmay_temple_entry_mist,
          uniq_edmund
Temple:   hellmonk_temple_divided_pantheon

Skill      XL: |  1  2  3  4  5  6  7  8 |
---------------+-------------------------+-----
Ranged Weapons | 5 6 7 8 |  8.5
Poison Magic   | 1 2 3 4 6 8 |  8.0
Air Magic      | 1 2 |  2.0
Fighting       | |  2.1
Dodging        | |  1.7
Stealth        | |  1.2

Action                     |  1- 3 |  4- 6 |  7- 9 || total
---------------------------+-------+-------+-------++-------
  Melee: Hand axe          |       |    26 |    89 ||   115
   Fire: Shortbow          |   109 |   142 |   144 ||   395
   Cast: Poisonous Vapours |       |     1 |     1 ||     2
Ability: Dig               |     4 |       |     1 ||     5
  Evoke: Wand              |       |       |     2 ||     2
    Use: Potion            |       |       |     3 ||     3
   Stab: Sleeping          |       |       |     2 ||     2
 Armour: Leather armour    |     4 |    11 |    13 ||    28
  Dodge: Dodged            |    34 |    73 |   132 ||   239

Table legend: (Time is in decaauts)
 A = Elapsed time spent in this place.
 B = Non-inter-level travel time spent in this place.
 C = Inter-level travel time spent in this place.
 D = Time resting spent in this place.
 E = Time spent auto-exploring this place.
 F = Levels seen in this place.
 G = Mean time per level.
                   A        B        C        D        E       F      G
               +--------+--------+--------+--------+--------+-----+--------+
         Total |   4689 |   4588 |    101 |    692 |   2668 |   7 |  669.9 |
       Dungeon |   4037 |   3956 |     81 |    509 |   2416 |   5 |  807.4 |
        Temple |     55 |     35 |     20 |      0 |      8 |   1 |   55.0 |
         Sewer |    596 |    596 |      0 |    183 |    243 |   1 |  596.0 |
               +--------+--------+--------+--------+--------+-----+--------+

Top non-repeatable levels by time:
     D:4: 984 daAuts
     D:3: 932 daAuts
     D:2: 883 daAuts
     D:1: 661 daAuts
   Sewer: 596 daAuts
     D:5: 576 daAuts
  Temple: 55 daAuts
